 Zot Defence DCSS version 0.15.2 (webtiles) character file.

399 kosy22 the Caller (level 6, -9/32 HPs)
             Began as a Tengu Summoner on Aug 26, 2015.
             Mangled by a goliath beetle (20 damage)
             ... in the Realm of Zot (Scenario III: Two or Three?) on Aug 27, 2015.
             The game lasted 00:09:38 (1231 turns).

kosy22 the Caller (Tengu Summoner)                  Turns: 1231, Time: 00:09:38

HP  -9/32        AC  2     Str 10      XL: 6   Next: 84%
MP  12/17        EV 13     Int 16      God:
Gold 0           SH  0     Dex 14      Spells:  3 memorised,  6 levels left

rFire  . . .     SeeInvis .     (no weapon)
rCold  . . .     Clarity  .     a - +0 robe
rNeg   . . .     rCorr    .     (no shield)
rPois  .         rRot     .     (helmet restricted)
rElec  .         Spirit   .     (no cloak)
SustAb .         Warding  .     (no gloves)
rMut   .         Stasis   .     (boots unavailable)
Gourm  .                        (no amulet)
MR     .....                    (no ring)
                                (no ring)

@: not resistant to hostile enchantments, unstealthy
A: able to fly, beak, talons 3
a: Make oklob sapling, Make arrow trap, Make plant, Remove Curse, Make burning
bush, Make altar, Make grenades, Fly


You were in the Realm of Zot.
You were not hungry.

You visited 1 branch

Inventory:

Hand weapons
 j - a +0 dire flail
Armour
 a - a +0 robe (worn)
 k - a +0 chain mail
Comestibles
 d - a bread ration
Scrolls
 i - a scroll of blinking
Potions
 c - 3 potions of curing
 e - a potion of heal wounds
 f - a potion of haste
 g - 2 potions of magic
 h - a potion of berserk rage
Books
 b - a book of Callings

   Spells                             Type                      Level
   *Summon Small Mammal               Summoning                    1
   *Call Imp                          Summoning                    2
   Call Canine Familiar               Summoning                    3
   Summon Guardian Golem              Hexes/Summoning              4
   Summon Lightning Spire             Summoning/Air                4
   *Summon Ice Beast                  Ice/Summoning                4


   Skills:
 + Level 0.2 Fighting
 + Level 2.8 Dodging
 - Level 2.0 Stealth
 + Level 4.0 Spellcasting
 + Level 7.7 Summonings
 + Level 1.1 Ice Magic


You had 6 spell levels left.
You knew the following spells:

 Your Spells              Type           Power        Failure   Level  Hunger
a - Summon Small Mammal   Summ           ####         1%          1    None
b - Call Imp              Summ           ####....     1%          2    ##.....
c - Summon Ice Beast      Ice/Summ       ###.....     34%         4    ####...


Dungeon Overview and Level Annotations

Branches:
    Zot (1/1)

Altars:


Innate Abilities, Weirdness & Mutations

You can fly.
You have a beak for a mouth.
You have claws for feet.


Message History

You closely miss the jackal. Your kick misses the jackal.
The jackal pauses to sniff the ground.
You hit the jackal. Your kick misses the jackal. You peck the jackal.
The jackal is heavily wounded.
The jackal misses you. The goliath beetle bites you.
You hit the jackal.
The jackal is severely wounded.
The jackal bites you.
You barely miss the jackal.
The jackal is severely wounded.
The goliath beetle closely misses you.
The jackal pauses to sniff the ground.
You hit the jackal but do no damage.
The jackal is severely wounded.
The jackal barely misses you.
You closely miss the jackal. You peck the jackal, but do no damage.
The jackal is severely wounded.
The jackal misses you. The goliath beetle bites you!!
Ouch! That really hurt!
You die... ▓▓.....▓.................▓.....▓▓ ▓▓▓....▓.................▓....▓▓▓ ▓▓▓▓▓▓▓▓▓▓▓▓▓▓▓▓▓▓▓▓▓▓▓▓▓▓▓▓▓▓▓▓▓ ....▓▓▓ ▓▓▓▓▓▓▓▓▓ ▓▓▓.... ▓▓....▓▓▓ ▓▓hhKggrr▓▓

▓▓▓....▓▓
▓▓▓▓....▓▓▓▓.rsogoooh▓▓▓▓....▓▓▓▓
∆▓ ▓▓▓....▓...hhhgohwh▓....▓▓▓ ▓∆
∆▓ ▓▓▓........hgwh.....▓▓▓ ▓∆ ▓▓
▓▓▓......@hh....▓▓▓ ▓▓
▓▓▓▓▓▓▓▓▓▓▓▓....B....▓▓▓▓▓▓▓▓▓▓▓▓
∆∆∆∆∆▓▓▓▓▓▓▓▓.......▓▓▓▓▓▓▓▓∆∆∆∆∆
▓▓▓▓▓▓▓▓▓▓▓▓...%.....▓▓▓▓▓▓▓▓▓▓▓▓
▓▓ ▓▓▓.............▓▓▓ ▓▓ ∆▓
▓▓▓.................▓▓▓ ▓∆ ∆▓
▓▓▓%).%.........%.......▓▓▓ ▓∆
▓▓▓▓B..(.....................▓▓▓▓
▓▓.)..................)........▓▓


You could see a goliath beetle, Niecsuok the hell hound, 2 worms, 6 hounds, a
giant mite, 5 orcs, 5 jackals, 2 hobgoblins, 3 goblins, a kobold and 3 rats.

Vanquished Creatures
  A centaur (Zot)
  A green rat (Zot)
  A hobgoblin (Zot)
  A bat (Zot)
  A giant cockroach (Zot)
  A goblin (Zot)
  A rat (Zot)
7 creatures vanquished.

Vanquished Creatures (collateral kills)
  An orc warrior (Zot)
  An adder (Zot)
  3 gnolls (Zot)
  A green rat (Zot)
  A worm (Zot)
  2 giant mites (Zot)
  5 oozes (Zot)
  3 orcs (Zot)
  4 ball pythons (Zot)
  13 goblins (Zot)
  5 hobgoblins (Zot)
  2 jackals (Zot)
  8 kobolds (Zot)
  A quokka (Zot)
  6 bats (Zot)
  7 giant cockroaches (Zot)
  3 giant newts (Zot)
  12 rats (Zot)
78 creatures vanquished.

Vanquished Creatures (others)
  4 ice beasts (Zot)
  3 crimson imps (Zot)
  2 shadow imps (Zot)
  5 white imps (Zot)
  3 quokkas (Zot)
  2 bats (Zot)
  2 rats (Zot)
21 creatures vanquished.

Grand Total: 106 creatures vanquished

Notes
Turn   | Place    | Note
--------------------------------------------------------------
     0 | Zot      | kosy22, the Tengu Summoner, began the quest for the Orb.
     0 | Zot      | Reached XP level 1. HP: 10/10 MP: 3/3
   188 | Zot      | Reached skill level 5 in Summonings
   199 | Zot      | Reached XP level 2. HP: 15/15 MP: 3/5
   204 | Zot      | Learned a level 2 spell: Call Imp
   233 | Zot      | Noticed Lerph
   299 | Zot      | Killed Lerph the centaur
   299 | Zot      | Reached skill level 6 in Summonings
   299 | Zot      | Reached XP level 3. HP: 19/19 MP: 2/7
   299 | Zot      | Reached XP level 4. HP: 24/24 MP: 2/9
   305 | Zot      | Learned a level 4 spell: Summon Ice Beast
   414 | Zot      | Reached XP level 5. HP: 22/28 MP: 2/11
   489 | Zot      | Reached skill level 7 in Summonings
   767 | Zot      | Noticed Boldo
   945 | Zot      | Reached XP level 6. HP: 32/32 MP: 3/15
  1032 | Zot      | Killed Boldo the orc warrior
  1032 | Zot      | Reached skill level 1 in Ice Magic
  1222 | Zot      | Noticed Niecsuok
  1231 | Zot      | Mangled by a goliath beetle

Action                   |  1- 3 |  4- 6 || total
-------------------------+-------+-------++-------
Melee: Unarmed           |     5 |    42 ||    47
 Cast: Summon Small Mamm |     4 |     6 ||    10
       Call Imp          |     2 |    17 ||    19
       Summon Ice Beast  |       |    11 ||    11
 Stab: Distracted        |     1 |     1 ||     2
